AoeStats
← Ryanツ

Arabia

505944720Analyzed
2v2 RM · 21d ago on Sep 11, 2026· 54m 31s· 4 players
Game mode
Random Map
Map size
Medium (4 player)
Population
200
Speed
Normal
Resources
Standard
Victory
Conquest
Starting age
Dark Age
Ending age
Imperial Age
RankedLock teamsTeams togetherTeam positionsShared explorationLock speedFull tech treeHidden civsTurbo modeCheats
Victory
Defeat
🇹🇷 Magyars · Türkiye
1027
+10
🇹🇷 Mongols · Türkiye
847
+16
🇳🇱 Mongols · Netherlands
870
-13
🇬🇧 Teutons · United Kingdom
869
-13
Gaunter O'Dimm
11:33 Feudal Age
12:02 Double-Bit Axe
19:16 Castle Age
17:42 Horse Collar
20:25 Bow Saw
20:17 Heavy Plow
20:35 Gold Mining
21:18 Fletching
22:14 Thumb Ring
23:12 Bodkin Arrow
24:17 Wheelbarrow
25:13 Padded Archer Armor
26:16 Bloodlines
26:06 Husbandry
26:50 Hand Cart
26:32 Stone Mining
28:09 Gold Shaft Mining
28:24 Leather Archer Armor
34:52 Imperial Age
32:44 Ballistics
33:26 Scale Barding Armor
36:57 Two-Man Saw
36:29 Crop Rotation
36:02 Heavy Cavalry Archer
37:09 Parthian Tactics
38:00 Chemistry
36:42 Treadmill Crane
38:03 Chemistry
38:01 Caravan
38:59 Conscription
38:41 Corvinian Army
40:10 Recurve Bow
40:42 Bracer
41:13 Ring Archer Armor
42:08 Masonry
43:11 Chain Barding Armor
44:55 Murder Holes
45:16 Siege Engineers
45:59 Plate Barding Armor
47:15 Elite Magyar Huszar
53:19 Fervor
54:03 Hoardings
Kurtkapanı
1:03 Loom
11:29 Feudal Age
12:02 Double-Bit Axe
18:09 Castle Age
17:35 Stone Mining
17:27 Horse Collar
19:10 Bow Saw
25:49 Stone Shaft Mining
25:07 Gold Mining
26:19 Elite Skirmisher
28:59 Thumb Ring
31:05 Wheelbarrow
30:15 Town Watch
30:31 Fletching
30:41 Padded Archer Armor
31:59 Gold Shaft Mining
31:40 Forging
31:35 Scale Barding Armor
32:55 Hand Cart
32:40 Town Patrol
37:01 Imperial Age
37:10 Imperial Age
34:59 Caravan
35:13 Nomads
35:39 Bloodlines
35:29 Husbandry
34:49 Light Cavalry
35:34 Bodkin Arrow
36:01 Leather Archer Armor
36:22 Iron Casting
35:52 Scale Barding Armor
38:38 Parthian Tactics
38:16 Bracer
38:42 Conscription
38:29 Hussar
39:38 Siege Engineers
40:35 Chemistry
41:43 Ballistics
41:35 Masonry
41:36 Fortified Wall
41:21 Murder Holes
40:52 Elite Mangudai
42:43 Hoardings
42:09 Sappers
44:27 Blast Furnace
43:47 Chain Barding Armor
43:37 Squires
43:23 Arson
42:58 Pikeman
retro
10:48 Feudal Age
13:11 Wheelbarrow
12:47 Double-Bit Axe
13:35 Horse Collar
24:29 Castle Age
26:14 Hand Cart
26:25 Hand Cart
26:45 Pikeman
36:07 Gold Mining
36:32 Bow Saw
36:29 Heavy Plow
45:33 Imperial Age
44:05 Scale Barding Armor
44:10 Forging
47:24 Cavalier
Ryanツ
10:06 Feudal Age
12:02 Wheelbarrow
11:16 Double-Bit Axe
12:37 Horse Collar
15:43 Fletching
19:30 Castle Age
20:43 Hand Cart
26:09 Bow Saw
26:44 Stone Mining
26:49 Gold Mining
28:08 Guard Tower
30:19 Padded Archer Armor
32:21 Bodkin Arrow
32:42 Heavy Plow
33:34 Leather Archer Armor
33:47 Ballistics
38:31 Imperial Age
38:01 Masonry
39:14 Bloodlines
39:06 Husbandry
39:14 Bracer
38:43 Elite Mangudai
41:02 Parthian Tactics
40:43 Thumb Ring
41:43 Town Watch
42:46 Elite Steppe Lancer
45:23 Gold Shaft Mining
47:52 Hoardings
48:39 Scale Barding Armor
49:56 Scale Mail Armor
50:18 Chain Barding Armor
50:33 Forging
54:12 Iron Casting
Connection lost

Rejoining the realm…

Still unreachable

The connection could not be restored.

Session expired

The server has moved on; the page needs a fresh start.